 Dungeon Crawl Stone Soup version 0.23.1 (webtiles) character file.

Game seed: 1402998776253893395

292 nikopol the Poker (level 6, -5/84 HPs)
             Began as a Minotaur Berserker on Mar 10, 2019.
             Was a Believer of Trog.
             Slain by Menkaure (19 damage)
             ... on level 4 of the Dungeon.
             The game lasted 00:04:09 (3030 turns).

nikopol the Poker (Minotaur Berserker)              Turns: 3030, Time: 00:04:10

Health: -5/84      AC: 10    Str: 28    XL:     6   Next: 10%
Magic:  5/5        EV:  9    Int:  4    God:    Trog [**....]
Gold:   100        SH:  0    Dex: 10    Spells: 5/5 levels left

rFire    . . .     SeeInvis .   a - +0 spear
rCold    . . .     Gourm    .   (no shield)
rNeg     . . .     Faith    .   h - +0 chain mail
rPois    .         Spirit   .   (helmet restricted)
rElec    .         Reflect  .   o - scarf {repulsion}
rCorr    .         Harm     .   p - +0 pair of gloves
MR       .....                  (no boots)
Stlth    ..........             (no amulet)
HPRegen  0.24/turn              (no ring)
MPRegen  0.09/turn              (no ring)

@: berserking, repel missiles, very quick
A: retaliatory headbutt, horns 2
a: Berserk, Trog's Hand, Renounce Religion


You were on level 4 of the Dungeon.
You worshipped Trog.
Trog was pleased with you.
You were hungry.

You visited 1 branch of the dungeon, and saw 4 of its levels.

You collected 100 gold pieces.

Inventory:

Hand Weapons
 a - a +0 spear (weapon)
Armour
 b - a +0 animal skin
 h - a +0 chain mail (worn)
 o - a scarf of repulsion (worn)
 p - a +0 pair of gloves (worn)
Jewellery
 g - an uncursed ring of see invisible {unknown}
 j - a +6 amulet of reflection {unknown}
 k - an uncursed ring of fire {unknown}
Wands
 s - a wand of iceblast (7)
Scrolls
 d - a scroll of immolation {unknown}
 e - 5 scrolls of identify {unknown}
 f - a scroll of random uselessness {unknown}
 i - a scroll of magic mapping {unknown}
 m - a scroll of enchant weapon {unknown}
 n - a scroll of noise {unknown}
 q - 3 scrolls of teleportation {unknown}
 t - 3 scrolls of remove curse {unknown}
Potions
 l - 2 potions of degeneration {unknown}
 r - a potion of mutation {unknown}
 u - a potion of might {unknown}
Comestibles
 c - 4 rations


   Skills:
 + Level 5.0 Fighting
 + Level 6.2 Polearms
 + Level 4.2 Armour
 + Level 2.7 Dodging
 + Level 0.4 Stealth


You had 5 spell levels left.
You didn't know any spells.
Your spell library was empty.

Dungeon Overview and Level Annotations

Branches:
Dungeon (4/15)
 Temple: D:4-7

Altars:
Fedhas
Kikubaaqudgha
Makhleb
Uskayaw
Vehumet
Yredelemnul
The Shining One

Annotations:
D:4 Menkaure


Innate Abilities, Weirdness & Mutations

You reflexively headbutt those who attack you in melee.
You have a pair of horns on your head.


Message History

Menkaure shouts!
Menkaure calls on the powers of darkness!
Your body is wracked with pain!
Menkaure calls on the powers of darkness!
Your body is wracked with pain!
* * * LOW HITPOINT WARNING * * *
You are too injured to fight recklessly!
You are too injured to fight recklessly!
A red film seems to cover your vision as you go berserk!
You feel yourself moving faster!
You feel mighty!
You are feeling hungry.
Menkaure calls on the powers of darkness!
Your body is wracked with pain!
* * * LOW HITPOINT WARNING * * *
You hit Menkaure. Your headbutt misses Menkaure.
Menkaure is lightly damaged.
You hit Menkaure. You headbutt Menkaure.
Menkaure is moderately damaged.
Menkaure hits you!!
You die...

..# #.....#
#..##.รท....... #..
##...## #..####........
##..###..# ##.##....
#......# ##.###...
#..#....######...##..#
#..###.................
...# #.................
#..# #......####.####..
#.# #@....## #.# ##. ..
#M....# #.# ## #...##.#
#.# # ..### .# #. # .##
. . .# # #


You could see Menkaure.

Vanquished Creatures
  A sky beast (D:3)
  A crimson imp (D:3)
  Natasha (D:2)
  4 gnolls (D:2)
  4 adders
  An ooze (D:3)
  2 worms (D:2)
  3 leopard geckos
  An orc (D:3)
  2 bats
  3 giant cockroaches
  9 goblins
  2 hobgoblins
  3 jackals (D:2)
  6 kobolds
  2 quokkas
  4 frilled lizards
  10 rats
  A plant (D:3)
60 creatures vanquished.

Vanquished Creatures (others)
  2 plants (D:3)
2 creatures vanquished.

Grand Total: 62 creatures vanquished

Notes
Turn   | Place    | Note
-------+----------+-------------------------------------------
     0 | D:1      | nikopol the Minotaur Berserker began the quest for the Orb.
     0 | D:1      | Reached XP level 1. HP: 19/19 MP: 0/0
   234 | D:1      | Reached XP level 2. HP: 27/27 MP: 1/1
   627 | D:2      | Reached skill level 4 in Polearms
   690 | D:2      | Found a glowing golden altar of the Shining One.
   701 | D:2      | Reached XP level 3. HP: 31/33 MP: 2/2
   859 | D:2      | Reached skill level 5 in Polearms
   859 | D:2      | Reached XP level 4. HP: 22/41 MP: 3/3
  1336 | D:2      | Reached ** piety under Trog
  1534 | D:2      | Noticed Natasha
  1543 | D:2      | Killed Natasha
  1792 | D:3      | Noticed a sky beast
  1811 | D:3      | Killed a sky beast
  1811 | D:3      | Reached skill level 6 in Polearms
  1811 | D:3      | Reached XP level 5. HP: 31/47 MP: 4/4
  2177 | D:3      | Found an ancient bone altar of Kikubaaqudgha.
  2177 | D:3      | Found a basalt altar of Yredelemnul.
  2182 | D:3      | Found a hide-covered altar of Uskayaw.
  2184 | D:3      | Found a faded altar of an unknown god.
  2186 | D:3      | Found a blossoming altar of Fedhas.
  2540 | D:3      | Found a burning altar of Makhleb.
  2540 | D:3      | Found a radiant altar of Vehumet.
  2558 | D:3      | Reached skill level 5 in Fighting
  2558 | D:3      | Reached XP level 6. HP: 49/56 MP: 5/5
  3023 | D:4      | Noticed Menkaure
  3030 | D:4      | Slain by Menkaure

Skill      XL: |  1  2  3  4  5 |
---------------+----------------+-----
Fighting       | 4 5 |  5.0
Polearms       | 4 5 6 |  6.2
Armour         | 4 |  4.2
Dodging        | |  2.7
Stealth        | |  0.4

Action                   |  1- 3 |  4- 6 || total
-------------------------+-------+-------++-------
Melee: Spear             |    86 |   166 ||   252
       Headbutt          |     8 |    33 ||    41
Invok: Berserk           |     1 |     1 ||     2
  Eat: Chunk             |       |     8 ||     8
Armor: Chain mail        |    29 |    38 ||    67
       Animal skin       |     1 |       ||     1
Dodge: Dodged            |    30 |    21 ||    51
       Deflected         |       |     1 ||     1
